 Dungeon Crawl Stone Soup version 0.30-a0-953-g5f1da4a474 (webtiles) character file.

Game seed: 3465107227253386805

469 Jeffwins the Digger (level 7, -3/48 HPs)
             Began as a Human Wanderer on Mar 29, 2023.
             Slain by a gnoll
             ... wielding a +2 flail of protection
              (10 damage)
             ... on level 4 of the Dungeon.
             The game lasted 00:05:52 (3539 turns).

Jeffwins the Digger (Human Wanderer)                Turns: 3539, Time: 00:05:52

Health: -3/48      AC:  3    Str:  9      XL:     7   Next: 31%
Magic:  1/12       EV: 10    Int: 17 (19) God:
Gold:   184        SH:  0    Dex: 15 (17) Spells: 4/12 levels left

rFire   + . .      SeeInvis .    a - +1 sling
rCold   . . .      Faith    .    (no shield)
rNeg    . . .      Spirit   .    j - +0 leather armour
rPois   .          Reflect  .    (no helmet)
rElec   .          Rampage  .    (no cloak)
rCorr   .                        (no gloves)
Will    .....                    (no boots)
Stlth   ++                       (no amulet)
HPRegen 0.28/turn                X - +6 ring of dexterity
MPRegen 0.13/turn                F - ring of protection from fire

@: no status effects
A: no striking features
a: no special abilities


You were on level 4 of the Dungeon.
You visited 1 branch of the dungeon, and saw 4 of its levels.

You collected 184 gold pieces.


   Skills:
 - Level 1.0 Fighting
 * Level 2.6 Ranged Weapons
 + Level 1.7 Throwing
 - Level 2.0 Armour
 + Level 1.9 Stealth
 * Level 3.3 Spellcasting
 * Level 3.6 Conjurations
 * Level 1.4 Necromancy
 * Level 4.4 Earth Magic
 + Level 0.1 Evocations


You had 4 spell levels left.
You knew the following spells:

 Your Spells              Type           Power      Damage    Failure   Level
n - Dispel Undead         Necr           7%         3d8       78%         4
x - Stone Arrow           Conj/Erth      32%        3d9       13%         3
z - Sandblast             Erth           34%        2d9       3%          1

Your spell library contained the following spells:

 Spells                   Type           Power      Damage    Failure   Level
 Kiss of Death            Conj/Necr      44%        2d8       9%          1
 Slow                     Hex            8%         N/A       22%         1
 Vampiric Draining        Necr           7%         2d6       36%         3
 Confusing Touch          Hex            2%         N/A       56%         3
 Animate Armour           Summ/Erth      20%        N/A       67%         4

Inventory:

Hand Weapons
 a - a +1 sling (weapon)
 b - a +2 heavy spear
 n - a +2 flail of draining
 p - a +3 rapier of protection
Missiles
 m - 6 javelins
Armour
 j - a +0 leather armour (worn)
 k - a +0 tower shield
Jewellery
 F - a ring of protection from fire (right hand)
 X - a +6 ring of dexterity (left hand)
Wands
 g - a wand of polymorph (4)
Scrolls
 e - 2 scrolls of immolation {!r}
 f - 2 scrolls of fog
 h - a scroll of enchant weapon
 q - a scroll of identify {@r1}
Potions
 c - a potion of ambrosia {unknown}
 d - 2 potions of cancellation
 i - a potion of flight
 l - a potion of might {unknown}
 o - a potion of mutation {unknown}

Dungeon Overview and Level Annotations

Branches:
Dungeon (4/15)
 Temple: D:4-7

Altars:
Yredelemnul

Annotations:
D:1 1 transporter

#..#........##
#...gS....# #
#..#.........#
#...g.....#.#
##.#.........#
#.........#
#...........## #.......#
###............# ###..#
##..............# ##.g###
##...#...........# ##..##
#..###..........)####..##
..## #..........@g..†.##
.## ##....)....g#..### ##
#.........###.# #
#.........# ##.# #
##.......## .# #......##
.. ##...### #.# #..## .#
####


You could see 2 gnolls.


Message History

Casting: Sandblast (safe; 3% risk of failure)
Confirm with . or Enter, or press ? or * to list all spells.
Aiming: Sandblast (safe; 3% risk of failure)
Press: ? - help, Shift-Dir - straight line, f - gnoll, p - gnoll
Aim: a gnoll, wielding a +0 club (84% to hit)
The blast of sand hits the gnoll.
The gnoll is lightly wounded.
The gnoll closely misses you.
The gnoll hits you with a +2 flail of protection.
* * * LOW HITPOINT WARNING * * *
Unknown command.
Casting: Sandblast (safe; 3% risk of failure)
Confirm with . or Enter, or press ? or * to list all spells.
Aiming: Sandblast (safe; 3% risk of failure)
Press: ? - help, Shift-Dir - straight line, f/p - gnoll
Aim: a gnoll, wielding a +0 club (lightly wounded, 84% to hit)
The blast of sand misses the gnoll.
The gnoll hits you with a +0 club.
* * * LOW HITPOINT WARNING * * *
The gnoll misses you. The gnoll barely misses you. The gnoll misses you.
Unknown command.
Casting: Sandblast (safe; 3% risk of failure)
Confirm with . or Enter, or press ? or * to list all spells.
Aiming: Sandblast (safe; 3% risk of failure)
Press: ? - help, Shift-Dir - straight line, f/p - gnoll
Aim: a gnoll, wielding a +0 club (lightly wounded, 84% to hit)
The blast of sand hits the gnoll!
The gnoll is severely wounded.
The gnoll closely misses you.
The gnoll hits you with a +2 flail of protection!
You die...

Skill      XL: |  1  2  3  4  5  6 |
---------------+-------------------+-----
Ranged Weapons | 1 2 |  2.6
Stealth        | 1 |  1.9
Throwing       | 1 |  1.7
Conjurations   | 3 |  3.6
Spellcasting   | 3 |  3.3
Earth Magic    | 4 |  4.4
Necromancy     | 1 |  1.4
Fighting       | |  1.0
Armour         | |  2.0
Evocations     | |  0.1

Action                     |  1- 3 |  4- 6 |  7- 9 || total
---------------------------+-------+-------+-------++-------
  Melee: Dagger            |     8 |       |       ||     8
         Unarmed           |       |     3 |       ||     3
   Fire: Sling             |    16 |    70 |    22 ||   108
  Throw: Dart              |       |     2 |       ||     2
   Cast: Sandblast         |    16 |    39 |    14 ||    69
         Stone Arrow       |       |     2 |       ||     2
    Use: Potion            |       |     4 |       ||     4
         Scroll            |       |     5 |       ||     5
 Armour: Ring mail         |     7 |       |       ||     7
         Leather armour    |       |    14 |     2 ||    16
         Skin              |       |    35 |       ||    35
  Dodge: Dodged            |    12 |    24 |    16 ||    52

Levels and vault maps discovered:
D:1:      spicycebolla_arrival_risky_transporter, layout_basic,
          shapermc_ecumenical_altar_totnotflames
D:2:      layout_basic, basic_altar, uniq_natasha
D:3:      layout_loops_ring, uniq_jessica
D:4:      layout_cave_pods, uniq_eustachio

Notes
Turn   | Place    | Note
-------+----------+-------------------------------------------
     0 | D:1      | Jeffwins the Human Wanderer began the quest for the Orb.
     0 | D:1      | Jeffwins set off with the following items: a +0 dagger, a
                  | scroll of fog, a +0 ring mail; and the following spells
                  | available to memorise: Sandblast, Kiss of Death, Stone
                  | Arrow, Animate Armour.
     0 | D:1      | Reached XP level 1. HP: 15/15 MP: 3/3
     2 | D:1      | Learned a level 1 spell: Sandblast
   239 | D:1      | Reached XP level 2. HP: 21/21 MP: 3/5
   301 | D:1      | Found a faded altar of an unknown god.
   774 | D:2      | Found a basalt altar of Yredelemnul.
   855 | D:2      | Noticed Natasha
   859 | D:2      | Killed Natasha
   860 | D:2      | Reached XP level 3. HP: 22/26 MP: 3/6
  1335 | D:2      | Noticed Natasha
  1339 | D:2      | Killed Natasha
  1340 | D:2      | Reached skill level 1 in Ranged Weapons
  1340 | D:2      | Reached XP level 4. HP: 32/32 MP: 3/7
  1567 | D:2      | Noticed Natasha
  1575 | D:2      | Killed Natasha
  1576 | D:2      | Reached skill level 1 in Stealth
  1576 | D:2      | Reached XP level 5. HP: 16/37 MP: 2/8
  1853 | D:2      | Reached skill level 1 in Throwing
  2033 | D:3      | Reached skill level 3 in Conjurations
  2153 | D:3      | Learned a level 3 spell: Stone Arrow
  2186 | D:3      | Reached skill level 2 in Ranged Weapons
  2186 | D:3      | Reached XP level 6. HP: 41/43 MP: 7/10
  2218 | D:3      | Noticed Jessica
  2220 | D:3      | Killed Jessica
  2221 | D:3      | Reached skill level 3 in Spellcasting
  2221 | D:3      | Reached skill level 4 in Earth Magic
  2339 | D:3      | Learned a level 4 spell: Dispel Undead
  2947 | D:4      | Noticed Eustachio
  3028 | D:4      | Killed Eustachio
  3029 | D:4      | Reached skill level 1 in Necromancy
  3029 | D:4      | Reached XP level 7. HP: 33/48 MP: 2/11
  3539 | D:4      | Slain by a gnoll

Vanquished Creatures
  Eustachio (D:4)
  A jelly (D:4)
  A hound (D:4)
  Jessica (D:3)
  Natasha (thrice) (D:2)
  3 orc wizards
  2 gnolls (D:4)
  2 adders
  A worm (D:3)
  3 dart slugs
  An orc (D:4)
  4 ball pythons
  5 endoplasms
  A giant cockroach (D:3)
  2 goblins
  7 hobgoblins
  2 jackals (D:1)
  3 kobolds
  2 quokkas
  5 bats
  3 frilled lizards
  2 rats
55 creatures vanquished.

Table legend: (Time is in decaauts)
 A = Elapsed time spent in this place.
 B = Non-inter-level travel time spent in this place.
 C = Inter-level travel time spent in this place.
 D = Time resting spent in this place.
 E = Time spent auto-exploring this place.
 F = Levels seen in this place.
 G = Mean time per level.
                   A        B        C        D        E       F      G
               +--------+--------+--------+--------+--------+-----+--------+
         Total |   3617 |   3446 |    171 |    181 |   2687 |   4 |  904.2 |
       Dungeon |   3617 |   3446 |    171 |    181 |   2687 |   4 |  904.2 |
               +--------+--------+--------+--------+--------+-----+--------+

Top non-repeatable levels by time:
     D:2: 1270 daAuts
     D:4: 805 daAuts
     D:3: 780 daAuts
     D:1: 761 daAuts

Table legend:
 A = Non-vault XP
 B = Vault XP
 C = Vault XP percentage of total XP
 D = Non-vault monster count
 E = Vault monster count
 F = Vault count percentage of total count
                 A         B        C        D         E       F
            +---------+---------+-------+---------+---------+-------
      Total |     402 |     269 |  40.1 |      52 |       3 |   5.5
            +---------+---------+-------+---------+---------+-------
        D:1 |      17 |       0 |   0.0 |       8 |       0 |   0.0
        D:2 |     130 |      35 |  21.2 |      16 |       1 |   5.9
        D:3 |     103 |      37 |  26.4 |      14 |       1 |   6.7
        D:4 |     152 |     197 |  56.4 |      14 |       1 |   6.7
            +---------+---------+-------+---------+---------+-------
